 Dungeon Crawl Stone Soup version 0.17-a0-2220-g6fea741 (webtiles) character file.

588 mrath the Digger (level 7, 0/36 HPs)
             Began as a Gargoyle Earth Elementalist on Oct 28, 2015.
             Was a Follower of Vehumet.
             Slain by a river rat (6 damage)
             ... on level 5 of the Dungeon.
             The game lasted 01:19:08 (8115 turns).

mrath the Digger (Gargoyle Earth Elementalist)      Turns: 8115, Time: 01:19:08

Health: 0/36       AC:  6    Str: 12    XL:     7   Next: 38%
Magic:  9/15       EV: 12    Int: 17    God:    Vehumet [*.....]
Gold:   249        SH:  0    Dex: 10    Spells: 5 memorised, 2 levels left

rFire  . . .     SeeInvis .     A - +0 morningstar
rCold  . . .     Clarity  .     b - +0 robe
rNeg   + . .     SustAt   .     (no shield)
rPois  ∞         Gourm    .     (no helmet)
rElec  +         Spirit   .     (no cloak)
rCorr  .         Warding  .     (no gloves)
rMut   .         Stasis   .     (no boots)
MR     .....                    (no amulet)
Stlth  ++........               (no ring)
                                (no ring)

@: not resistant to hostile enchantments, unstealthy
A: negative energy resistance 1, electricity resistance, unbreathing,
petrification resistance, rot immunity, AC +4
a: Renounce Religion


You were on level 5 of the Dungeon.
You worshipped Vehumet.
Vehumet was aware of your devotion.
You were not hungry.

You visited 2 branches of the dungeon, and saw 6 of its levels.

You collected 249 gold pieces.

Inventory:

Hand Weapons
 t - a +0 spear
 x - a +0 hunting sling
 z - a +0 war axe
 A - a +0 morningstar (weapon)
 D - the +3 long sword "Vedoch" {slice, *Noise rPois Dex+4}
   (You found it on level 4 of the Dungeon)

   It inflicts extra damage upon your enemies.
   It affects your dexterity (+4).
   It protects you from poison.
   It may make noises in combat.
Missiles
 a - 10 stones
 s - 18 poisoned needles
 u - a throwing net
 v - 3 tomahawks (quivered)
Armour
 b - a +0 robe (worn)
Rods
 w - a +0 rod of ignition (11/11)
   (You found it on level 5 of the Dungeon)
Scrolls
 f - 2 scrolls of recharging {unknown}
 h - 3 scrolls of remove curse
 j - 3 scrolls of teleportation
 k - a scroll of noise {unknown}
 n - 3 scrolls of identify
 o - a scroll of immolation {unknown}
 p - a scroll of random uselessness {unknown}
 E - a scroll of enchant weapon {unknown}
Potions
 c - 2 potions of invisibility {unknown}
 e - a potion of might {unknown}
 g - a potion of resistance {unknown}
 l - a potion of brilliance {unknown}
 q - a potion of magic {unknown}
 r - 2 potions of curing
 B - a potion of haste {unknown}
 C - a potion of heal wounds {unknown}
Comestibles
 d - 4 bread rations
 i - 3 chunks of flesh
 m - 4 fruits


   Skills:
 - Level 1.5 Dodging
 - Level 2.1 Stealth
 * Level 5.4 Spellcasting
 + Level 3.1 Conjurations
 - Level 0.7 Transmutations
 + Level 6.1 Earth Magic


You had 2 spell levels left.
You knew the following spells:

 Your Spells              Type           Power        Failure   Level  Hunger
a - Sandblast             Erth           ####..       1%          1    None
b - Stoneskin             Trmt/Erth      ###.....     6%          2    #......
c - Passwall              Trmt/Erth      ###.......   12%         3    ##.....
d - Stone Arrow           Conj/Erth      ###...       8%          3    ##.....
e - Lee's Rapid Deconstr  Erth           ####......   30%         5    ######.


Dungeon Overview and Level Annotations

Branches:
Dungeon (5/15)             Temple (1/1) D:4

Altars:
Ashenzari
Cheibriados
Dithmenos
Elyvilon
Fedhas
Kikubaaqudgha
Makhleb
Nemelex Xobeh
Okawaru
Qazlal
Ru
Sif Muna
Trog
Vehumet
Xom
Yredelemnul
Zin
The Shining One

Shops:
D:4 *

Annotations:
D:2 Robin
D:5 Dowan, Duvessa


Innate Abilities, Weirdness & Mutations

You are resistant to torment.
Your stone body is resilient (AC +4).
You are immune to poison.
You resist negative energy.
You are resistant to electric shocks.
You can survive without breathing.
You are immune to petrification.
You are immune to rotting.


Message History

The river rat closely misses you.
You barely miss the river rat.
The river rat bites you but does no damage.
You barely miss the river rat. The river rat bites you.
The river rat bites you.
You barely miss the river rat. The river rat closely misses you.
You closely miss the river rat. The river rat closely misses you.
The river rat bites you but does no damage.
You closely miss the river rat.
The river rat bites you but does no damage.
You closely miss the river rat. The river rat bites you!
The river rat bites you.
* * * LOW HITPOINT WARNING * * *
Casting: Sandblast
Confirm with . or Enter, or press ? or * to list all spells.
Aiming: Sandblast
Press: ? - help, Shift-Dir - straight line, f - river rat
Aim: a river rat The blast of sand hits the river rat.
The river rat bites you.
You die...

#. #..##.# #.. #..##.###
#r.. #.>...... #r... #
#.###.... #rr..r### .#
#.# #.... . #r.####.# #.#
#.... ...###.#..# #####.#
#....
#..##[#######.#...####...
#...rr@##..#.##........
#...###..##############
#.#... #### ##.###. #.#
#. ######## #. ##
#....... . #.###### ##
#......< ########


You could see a river rat and a rat.

Vanquished Creatures
  A hound (D:4)
  A giant frog skeleton (D:4)
  3 orc priests
  An orc wizard (D:4)
  2 centaur skeletons
  3 worker ants
  2 adders (D:2)
  3 river rats (D:5)
  11 gnolls
  A shadow imp (D:2)
  An ooze (D:5)
  4 worms
  16 orcs
  A ball python (D:5)
  9 bats
  4 giant cockroaches
  10 goblins
  6 hobgoblins
  3 jackals (D:5)
  2 quokkas
  3 giant geckos
  5 giant newts
  8 kobolds
  17 rats
117 creatures vanquished.

Notes
Turn   | Place    | Note
--------------------------------------------------------------
     0 | D:1      | mrath the Gargoyle Earth Elementalist began the quest for the Orb.
     0 | D:1      | Reached XP level 1. HP: 10/10 MP: 3/3
   186 | D:1      | Reached XP level 2. HP: 15/15 MP: 1/5
   285 | D:1      | Reached skill level 4 in Earth Magic
   322 | D:1      | Learned a level 2 spell: Stoneskin
  1047 | D:2      | Reached XP level 3. HP: 19/19 MP: 2/7
  1048 | D:2      | Noticed Robin
  1406 | D:1      | Learned a level 3 spell: Passwall
  1802 | D:2      | Reached XP level 4. HP: 22/24 MP: 2/8
  2394 | D:2      | Learned a level 3 spell: Stone Arrow
  3472 | D:3      | Reached skill level 1 in Conjurations
  3495 | D:3      | Reached XP level 5. HP: 28/28 MP: 8/10
  4387 | D:3      | Reached skill level 5 in Earth Magic
  4946 | D:4      | Found Iisuvvel's Incredible Inventory.
  4975 | D:4      | Got a crystal long sword
  4993 | D:4      | Reached XP level 6. HP: 32/32 MP: 7/12
  5028 | D:4      | Identified the +3 long sword "Vedoch" {slice, *Noise rPois Dex+4} (You found it on level 4 of the Dungeon)
  5683 | D:4      | Found a staircase to the Ecumenical Temple.
  5697 | Temple   | Entered the Ecumenical Temple
  5704 | Temple   | Became a worshipper of Vehumet
  5724 | Temple   | Learned a level 5 spell: Lee's Rapid Deconstruction
  6196 | D:5      | Entered Level 5 of the Dungeon
  6215 | D:5      | Reached skill level 5 in Spellcasting
  6841 | D:4      | Reached XP level 7. HP: 30/36 MP: 14/14
  7406 | D:5      | Noticed Duvessa
  7421 | D:5      | Noticed Dowan
  7714 | D:5      | Reached skill level 6 in Earth Magic
  7986 | D:5      | Reached * piety under Vehumet
  7986 | D:5      | Offered knowledge of Shock by Vehumet.
  8115 | D:5      | Slain by a river rat

Vault maps used:
D:1:      lightli_arrival_maybe_door_vault
D:2:      minmay_misc_feat_enclosed, minivault_11, minmay_crystal_room,
          uniq_robin
D:3:      first_bread
D:4:      minmay_temple_entry_poolview, nicolae_alphabet_shops
D:5:      lemuel_ratsnest, uniq_duvessa
Temple:   nicolae_temple_no_exploring_needed

Action                   |  1- 3 |  4- 6 |  7- 9 || total
-------------------------+-------+-------+-------++-------
Melee: Hand axe          |       |    30 |       ||    30
       Morningstar       |       |    19 |    48 ||    67
       Long sword        |       |     5 |       ||     5
Throw: Tomahawk          |       |    19 |     3 ||    22
       Stone             |       |       |     1 ||     1
 Cast: Sandblast         |    61 |   116 |    46 ||   223
       Stoneskin         |     1 |    16 |     7 ||    24
  Use: Scroll            |       |     4 |       ||     4
  Eat: Chunk             |     3 |    11 |     3 ||    17
       Bread ration      |       |     1 |       ||     1
       Beef jerky        |       |     1 |       ||     1
